 Dungeon Crawl Stone Soup version 0.31-a0-1547-g618ab1f346 (webtiles) character file.

Game seed: 17813445386172389671

74 senseless the Trooper (level 4, -12/45 HPs)
             Began as an Oni Warper on Jan 2, 2024.
             Blown up by Ijyb (19 damage)
             ... with a mindburst bolt
             ... on level 3 of the Dungeon.
             The game lasted 00:03:25 (1717 turns).

senseless the Trooper (Oni Warper)                  Turns: 1717, Time: 00:03:26

Health: -12/45     AC:  7    Str: 15    XL:     4   Next: 28%
Magic:  8/8        EV: 10    Int: 14    God:
Gold:   111        SH:  0    Dex: 10    Spells: 6/8 levels left

rFire   . . .        f - +0 flail
rCold   . . .        (no shield)
rNeg    . . .        b - +0 robe
rPois   .            (helmet restricted)
rElec   .            (no cloak)
rCorr   .            (gloves unavailable)
SInv    .            (boots unavailable)
Will    .....        (no amulet)
Stlth   +            m - +4 ring of protection
HPRegen 0.27/turn    (no ring)
MPRegen 0.11/turn

%: no passive effects
@: no status effects
A: large, unfitting armour, horns 1, tough skin 1, double potion healing,
drunken brawling
a: no special abilities


You were on level 3 of the Dungeon.
You visited 1 branch of the dungeon, and saw 3 of its levels.

You collected 111 gold pieces.

Inventory:

Hand Weapons
 a - a +0 mace
 f - a +0 flail (weapon)
Missiles
 d - 7 darts of dispersal
Armour
 b - a +0 robe (worn)
Jewellery
 m - a +4 ring of protection (left hand)
Scrolls
 c - 3 scrolls of blinking
 e - 4 scrolls of identify {unknown}
 i - a scroll of summoning {unknown}
 j - a scroll of enchant weapon {unknown}
 n - a scroll of teleportation {unknown}
 o - a scroll of immolation {unknown}
 p - a scroll of noise {unknown}
 q - a scroll of vulnerability {unknown}
Potions
 g - 2 potions of curing {unknown}
 h - 2 potions of ambrosia {unknown}
 k - 2 potions of experience {unknown}
 l - a potion of haste {unknown}


   Skills:
 * Level 3.5 Fighting
 + Level 2.3 Maces & Flails
 * Level 1.9 Throwing
 * Level 2.6 Dodging
 + Level 2.9 Spellcasting
 + Level 3.0 Translocations


You had 6 spell levels left.
You knew the following spells:

 Your Spells              Type           Power      Damage    Failure   Level
a - Blink                 Tloc           20%        N/A       10%         2

Your spell library contained the following spells:

 Spells                   Type           Power      Damage    Failure   Level
 Lesser Beckoning         Tloc           20%        N/A       10%         2
 Teleport Other           Tloc           10%        N/A       19%         3
 Slow                     Hex            8%         N/A       22%         1
 Scorch                   Fire           4%         2d5       32%         2
 Confusing Touch          Hex            2%         N/A       54%         3
 Hailstorm                Conj/Ice       2%         3d5       54%         3
 Sigil of Binding         Hex            2%         N/A       54%         3
 Summon Ice Beast         Ice/Summ       2%         N/A       54%         3
 Vampiric Draining        Necr           2%         2d6       54%         3
 Manifold Assault         Tloc           10%        N/A       54%         4
 Vhi's Electric Charge    Tloc/Air       12%        N/A       75%         4
 Flame Wave               Conj/Fire      2%         2d4       91%         4
 Sculpt Simulacrum        Ice/Alch       1%         N/A       100%        6
 Summon Cactus Giant      Summ           1%         N/A       100%        6


Dungeon Overview and Level Annotations

Branches:
Dungeon (3/15)

Altars:
Ashenzari

Shops:
D:2 [

Annotations:
D:3 Grinder, Ijyb


Innate Abilities, Weirdness & Mutations

You are too large for most types of armour.
You have a pair of small horns on your head.
You have tough skin. (AC +1)
You gain doubled healing and magic from potions.
Whenever you drink a healing potion, you attack all around you.


Message History

Grinder comes into view.
Grinder shouts!
Grinder blinks!
Ijyb the Twisted Goblin comes into view.
She is wielding a +0 dagger and carrying a wand of mindburst.
Found 15 gold pieces.
Grinder blinks!
Ijyb shouts!
Ijyb zaps a wand.
You barely resist.
Grinder blinks!
Ijyb zaps a wand.
Your mind is blasted!
There is a stone staircase leading up here.
You climb upwards.
There is a stone staircase leading down here.
You start resting.
HP restored.
You climb downwards.
Level annotation: Grinder, Ijyb
There is a stone staircase leading up here.
No target in view!
Ijyb zaps a wand.
You barely resist.
Ijyb zaps a wand.
You barely resist.
Ijyb zaps a wand.
Your mind is blasted!
You closely miss Ijyb. Your headbutt misses Ijyb.
Ijyb screams, "Get away!"
Ijyb barely misses you. Ijyb hits you but does no damage.
You hit Ijyb but do no damage.
Ijyb zaps a wand.
You barely resist. You hit Ijyb but do no damage. Ijyb closely misses you.
You hit Ijyb but do no damage. You headbutt Ijyb.
Ijyb is lightly wounded.
Ijyb hits you but does no damage. Ijyb hits you with a +0 dagger.
You closely miss Ijyb.
Ijyb is lightly wounded.
Ijyb zaps a wand.
Your mind is blasted!
You hit Ijyb.
Ijyb is lightly wounded.
Ijyb zaps a wand.
Your mind is blasted!
* * * LOW HITPOINT WARNING * * *
You hit Ijyb but do no damage.
Ijyb is lightly wounded.
Ijyb barely misses you.
Ijyb zaps a wand.
Your mind is blasted!
You die...

.. #.# #.#
###.#########.#####
###...........#.#....
#<..............#....
###..................
#....................
#...@.#######........
#..>.g......g......#.
#.#..................
#......##########.##.
#........... #......
#......#### #.#....
####'########+#......
#..............##..
#...............#..


You could see Ijyb.

Vanquished Creatures
  An adder (D:2)
  A dart slug (D:1)
  A ribbon worm (D:2)
  5 ball pythons
  4 bats
  2 endoplasms
  6 giant cockroaches
  2 goblins (D:1)
  A hobgoblin (D:3)
  12 jackals
  4 quokkas
  3 frilled lizards
  6 kobolds
  3 rats
51 creatures vanquished.

Notes
Turn   | Place    | Note
-------+----------+-------------------------------------------
     0 | D:1      | senseless the Oni Warper began the quest for the Orb.
     0 | D:1      | Reached XP level 1. HP: 22/22 MP: 3/3
    47 | D:1      | Reached XP level 2. HP: 24/29 MP: 3/5
   339 | D:1      | Reached XP level 3. HP: 36/37 MP: 6/6
   892 | D:2      | Found a broken altar of Ashenzari.
  1049 | D:2      | Reached XP level 4. HP: 32/45 MP: 8/8
  1121 | D:2      | Found Woteh's Armour Emporium.
  1195 | D:2      | Learned a level 2 spell: Blink
  1616 | D:3      | Noticed Grinder
  1618 | D:3      | Noticed Ijyb
  1717 | D:3      | Blown up by Ijyb

Illustrated notes

Levels and vault maps discovered:
D:1:      dpeg_arrival_oval, layout_basic, minmay_misc_feat_columns
D:2:      layout_basic, basic_altar, serial_shops, nicolae_shop_crystal
D:3:      minmay_chambers_of_threes, layout_basic,
          pdpol_wu_jian_five_deadly_venoms, grunt_ministairs_8,
          bh_walls_and_bars, uniq_grinder, uniq_sigmund, uniq_ijyb

Skill      XL: |  1  2  3  4 |
---------------+-------------+-----
Fighting       | 3 |  3.5
Translocations | 3 |  3.0
Maces & Flails | |  2.3
Throwing       | |  1.9
Dodging        | |  2.6
Spellcasting   | |  2.9

Action                     |  1- 3 |  4- 6 || total
---------------------------+-------+-------++-------
  Melee: Mace              |    16 |       ||    16
         Flail             |    95 |    55 ||   150
         Headbutt          |     8 |     6 ||    14
   Stab: Sleeping          |       |     1 ||     1
 Armour: Robe              |    96 |    45 ||   141
  Dodge: Dodged            |    78 |    35 ||   113

Table legend: (Time is in decaauts)
 A = Elapsed time spent in this place.
 B = Non-inter-level travel time spent in this place.
 C = Inter-level travel time spent in this place.
 D = Time resting spent in this place.
 E = Time spent auto-exploring this place.
 F = Levels seen in this place.
 G = Mean time per level.
                   A        B        C        D        E       F      G
               +--------+--------+--------+--------+--------+-----+--------+
         Total |   1764 |   1696 |     68 |     45 |   1230 |   3 |  588.0 |
       Dungeon |   1764 |   1696 |     68 |     45 |   1230 |   3 |  588.0 |
               +--------+--------+--------+--------+--------+-----+--------+

Top non-repeatable levels by time:
     D:1: 829 daAuts
     D:2: 807 daAuts
     D:3: 127 daAuts
